 Dungeon Crawl Stone Soup version 0.30-a0-760-g5a9884bb7c (webtiles) character file.

Game seed: 2117886130090417088

163 funkygono the Firebug (level 5, -3/28 HPs)
             Began as a Gargoyle Fire Elementalist on Feb 10, 2023.
             Killed by divine providence
             ... invoked by an orc priest
              (11 damage)
             ... on level 3 of the Dungeon.
             The game lasted 00:04:16 (2548 turns).

funkygono the Firebug (Gargoyle Fire Elementalist)  Turns: 2548, Time: 00:04:17

Health: -3/28      AC:  6    Str: 11    XL:     5   Next: 44%
Magic:  6/9        EV: 12    Int: 18    God:
Gold:   25         SH:  0    Dex: 10    Spells: 4/10 levels left

rFire   . . .      SeeInvis .    h - +0 club
rCold   . . .      Faith    .    (no shield)
rNeg    + . .      Spirit   .    a - +0 robe
rPois   ∞          Reflect  .    (no helmet)
rElec   +          Harm     .    (no cloak)
rCorr   .          Rampage  .    (no gloves)
Will    .....                    (no boots)
Stlth   ++                       (no amulet)
HPRegen 0.24/turn                (no ring)
MPRegen 0.11/turn                (no ring)

@: very slightly contaminated
A: sickness immunity, AC +4, negative energy resistance 1, electricity
resistance, torment resistance 1, petrification resistance
a: no special abilities


You were on level 3 of the Dungeon.
You visited 1 branch of the dungeon, and saw 3 of its levels.

You collected 25 gold pieces.

Inventory:

Hand Weapons
 h - a +0 club (weapon)
Armour
 a - a +0 robe (worn)
Magical Staves
 g - a staff of death
 m - a staff of earth
Scrolls
 c - 2 scrolls of fog {unknown}
 d - 2 scrolls of identify {unknown}
 e - a scroll of teleportation {unknown}
 f - a scroll of noise {unknown}
 k - a scroll of vulnerability {unknown}
 l - a scroll of fear {unknown}
 n - a scroll of silence {unknown}
Potions
 i - 2 potions of heal wounds
 j - a potion of resistance {unknown}
 o - a potion of mutation {unknown}


   Skills:
 + Level 0.9 Fighting
 + Level 2.2 Dodging
 - Level 2.1 Stealth
 + Level 3.0 Spellcasting
 + Level 2.3 Conjurations
 + Level 4.3 Fire Magic


You had 4 spell levels left.
You knew the following spells:

 Your Spells              Type           Power      Damage    Failure   Level
a - Foxfire               Conj/Fire      56%        2x1d6     4%          1
b - Scorch                Fire           36%        2d6       4%          2
c - Kindle Blastsparks    Fire/Tloc/Air  14%        2d11      26%         3

Your spell library contained the following spells:

 Spells                   Type           Power      Damage    Failure   Level
 Inner Flame              Hex/Fire       10%        N/A       21%         3
 Flame Wave               Conj/Fire      14%        2d6       38%         4


Dungeon Overview and Level Annotations

Branches:
Dungeon (3/15)

Altars:

Shops:
D:1 [


Innate Abilities, Weirdness & Mutations

You are immune to sickness and miasma.
Your stone body is resilient. (AC +4)
You are immune to poison.
You resist negative energy. (rN+)
You are resistant to electric shocks. (rElec)
You are resistant to unholy torment.
You are immune to petrification.


Message History

The orc hits you with a +2 dagger of speed.
Unknown command.
Casting: Foxfire (safe; 4% risk of failure)
Confirm with . or Enter, or press ? or * to list all spells.
You conjure some foxfire!
The foxfire hits the orc but does no damage.
The foxfire hits the orc.
The orc is lightly wounded.
The foxfire hits the orc.
The orc is moderately wounded.
Unknown command.
Sorry, you're not good enough to have a special ability.
Magic courses through your body.
The foxfire hits the orc priest.
The orc priest is moderately wounded.
Casting: Foxfire (safe; 4% risk of failure)
Confirm with . or Enter, or press ? or * to list all spells.
You conjure some foxfire!
The orc hits you with a +2 dagger of speed.
The orc priest hits you with a +0 club.
The orc priest calls down the wrath of Beogh upon you.
Beogh smites you! The orc hits you with a +0 club.
The orc hits you but does no damage.
Casting: Foxfire (safe; 4% risk of failure)
Confirm with . or Enter, or press ? or * to list all spells.
You conjure some foxfire!
The foxfire hits the orc priest.
The orc priest is heavily wounded.
The foxfire hits the orc.
The orc is almost dead.
The orc hits you with a +2 dagger of speed.
* * * LOW HITPOINT WARNING * * *
The orc closely misses you. The orc priest misses you.
Casting: Foxfire (safe; 4% risk of failure)
Confirm with . or Enter, or press ? or * to list all spells.
You conjure some foxfire!
The foxfire hits the orc priest but does no damage.
The orc priest is heavily wounded.
The orc hits you but does no damage. The orc closely misses you.
The orc priest mumbles some strange prayers to Beogh against you.
Beogh smites you!
You die...

#.# ......#........
#.# #.##.#..8...8. #.#
#.|...........
#.#####............o
#......<............
#...####.#.#..8..o8.
#........#.#oo..o...
#...######+#o#########
#..........o@o........
#...#####..v.v########
####..........#
#..........#
#.......####
#.......###
#.........#
######....# #....#


You could see 2 orc priests and 3 orcs.

Vanquished Creatures
  Natasha (thrice) (D:2)
  4 adders (D:2)
  A worm (D:2)
  An orc (D:3)
  3 endoplasms
  2 giant cockroaches (D:1)
  6 goblins
  5 hobgoblins
  3 jackals (D:1)
  3 quokkas
  3 ball pythons
  5 bats
  3 frilled lizards (D:1)
  4 kobolds (D:1)
  3 rats
49 creatures vanquished.

Vanquished Creatures (others)
  183 foxfires
183 creatures vanquished.

Grand Total: 232 creatures vanquished

Notes
Turn   | Place    | Note
-------+----------+-------------------------------------------
     0 | D:1      | funkygono the Gargoyle Fire Elementalist began the quest
                  | for the Orb.
     0 | D:1      | Reached XP level 1. HP: 10/10 MP: 3/3
   299 | D:1      | Reached XP level 2. HP: 15/15 MP: 1/5
   302 | D:1      | Learned a level 2 spell: Scorch
   784 | D:1      | Reached XP level 3. HP: 19/19 MP: 1/6
  1021 | D:1      | Found Zaoskoa's Antique Armour Shoppe.
  1495 | D:2      | Reached XP level 4. HP: 19/24 MP: 0/7
  1499 | D:2      | Learned a level 3 spell: Kindle Blastsparks
  1844 | D:2      | Noticed Natasha
  1850 | D:2      | Killed Natasha
  1851 | D:2      | Reached skill level 4 in Fire Magic
  2129 | D:2      | Noticed Natasha
  2136 | D:2      | Killed Natasha
  2137 | D:2      | Reached XP level 5. HP: 20/28 MP: 4/9
  2408 | D:2      | Noticed Natasha
  2417 | D:2      | Killed Natasha
  2548 | D:3      | Killed from afar by an orc priest

Illustrated notes

Levels and vault maps discovered:
D:1:      minmay_arrival_widening_spiral_wide, layout_basic, serial_shops, shop
D:2:      layout_basic, uniq_natasha
D:3:      cheibrodos_pilgrimage, layout_basic,
          grunt_temple_overflow_lords_of_destruction, uniq_jessica

Skill      XL: |  1  2  3  4  5 |
---------------+----------------+-----
Dodging        | 2 |  2.2
Fire Magic     | 4 |  4.3
Conjurations   | 2 |  2.3
Spellcasting   | 3 |  3.0
Fighting       | |  0.9
Stealth        | |  2.1

Action                     |  1- 3 |  4- 6 || total
---------------------------+-------+-------++-------
  Melee: Unarmed           |     1 |       ||     1
         Staff             |     7 |       ||     7
         Club              |       |     1 ||     1
   Cast: Foxfire           |    69 |    43 ||   112
         Scorch            |     2 |       ||     2
    Use: Potion            |       |     1 ||     1
 Armour: Robe              |    22 |     4 ||    26
  Dodge: Dodged            |    42 |     9 ||    51

Table legend: (Time is in decaauts)
 A = Elapsed time spent in this place.
 B = Non-inter-level travel time spent in this place.
 C = Inter-level travel time spent in this place.
 D = Time resting spent in this place.
 E = Time spent auto-exploring this place.
 F = Levels seen in this place.
 G = Mean time per level.
                   A        B        C        D        E       F      G
               +--------+--------+--------+--------+--------+-----+--------+
         Total |   2548 |   2519 |     29 |     45 |   1830 |   3 |  849.3 |
       Dungeon |   2548 |   2519 |     29 |     45 |   1830 |   3 |  849.3 |
               +--------+--------+--------+--------+--------+-----+--------+

Top non-repeatable levels by time:
     D:2: 1304 daAuts
     D:1: 1195 daAuts
     D:3: 48 daAuts
